 Dungeon Crawl Stone Soup version 0.21.1-1-g345015f (webtiles) character file.

152 Fang the Skirmisher (level 5, 0/34 HPs)
             Began as a Gargoyle Berserker on June 4, 2018.
             Was a Believer of Trog.
             Shot with a stone by a goblin (3 damage)
             ... on level 3 of the Dungeon.
             The game lasted 00:02:05 (1661 turns).

Fang the Skirmisher (Gargoyle Berserker)            Turns: 1661, Time: 00:02:05

Health: 0/34       AC:  6    Str: 22    XL:     5   Next: 34%
Magic:  5/5        EV: 12    Int:  7    God:    Trog [**....]
Gold:   48         SH:  0    Dex:  9    Spells: 4/4 levels left

rFire    . . .     SeeInvis .   a - +0 hand axe
rCold    . . .     Gourm    .   (no shield)
rNeg     + . .     Faith    .   b - +0 animal skin
rPois    ∞         Spirit   .   (no helmet)
rElec    +         Reflect  .   (no cloak)
rCorr    .         Harm     .   (no gloves)
MR       .....                  (no boots)
Stlth    +.........             (no amulet)
HPRegen  0.11/turn              (no ring)
MPRegen  0.09/turn              (no ring)

@: berserk cooldown, slowed, very slow
A: negative energy resistance 1, electricity resistance, unbreathing,
petrification resistance, rot immunity, AC +4
a: Berserk, Trog's Hand, Burn Spellbooks, Renounce Religion


You were on level 3 of the Dungeon.
You worshipped Trog.
Trog was pleased with you.
You were very hungry.

You visited 1 branch of the dungeon, and saw 3 of its levels.

You collected 48 gold pieces.

Inventory:

Hand Weapons
 a - a +0 hand axe (weapon)
Armour
 b - a +0 animal skin (worn)
Scrolls
 e - a scroll of fear {unknown}
 f - a scroll of identify {unknown}
 g - 2 scrolls of remove curse {unknown}
 h - a scroll of enchant armour {unknown}
Potions
 d - 2 potions of heal wounds {unknown}
Comestibles
 c - 3 rations


   Skills:
 + Level 4.6 Fighting
 + Level 4.1 Axes
 + Level 2.3 Armour
 + Level 2.1 Dodging
 + Level 0.7 Stealth


You had 4 spell levels left.
You didn't know any spells.

Dungeon Overview and Level Annotations

Branches:
Dungeon (3/15)

Altars:

Annotations:
D:3 Robin


Innate Abilities, Weirdness & Mutations

You are resistant to torment.
Your stone body is resilient. (AC +4)
You are immune to poison.
You resist negative energy. (rN+)
You are resistant to electric shocks. (rElec)
You can survive without breathing.
You are immune to petrification.
You are immune to rotting.


Message History

Items here: ( ))) [ †††† Unknown command.
You completely miss Robin.
Robin is moderately wounded.
You hit the orc but do no damage. You hit the orc.
You kill the orc!
Trog accepts your kill. The orc closely misses you.
The goblin shoots a stone.
The stone barely misses you.
Robin says, "Bow before me, strongest of all the hobgoblins!"
Robin hits you with a trident.
* * * LOW HITPOINT WARNING * * *
The orc closely misses you.
You hit Robin.
Robin is heavily wounded.
You hit the orc.
The goblin shoots a stone.
The stone misses you. Robin completely misses you.
The orc hits you with a dagger.
* * * LOW HITPOINT WARNING * * *
The goblin shoots a stone.
The stone hits you.
You die...

).# ... ... #.#
#.. #.#
#.#..##.#
#.....).# #..g#
##.#.#.#+####
.....#(()...#
......)o@g...+
..$?.........#
........(....#
###......(......
+....>..(..##.
#....#.....#
#....#######
#....


You could see Robin, an orc and a goblin.

Vanquished Creatures
  Jessica (D:2)
  A gnoll (D:1)
  4 adders (D:2)
  A dart slug (D:2)
  2 leopard geckos
  4 orcs (D:3)
  9 bats
  2 giant cockroaches (D:1)
  8 hobgoblins
  7 kobolds
  A quokka (D:3)
  2 frilled lizards
  21 goblins
  2 rats (D:1)
65 creatures vanquished.

Vanquished Creatures (others)
  A ball python (D:3)
1 creature vanquished.

Grand Total: 66 creatures vanquished

Notes
Turn   | Place    | Note
-------+----------+-------------------------------------------
     0 | D:1      | Fang the Gargoyle Berserker began the quest for the Orb.
     0 | D:1      | Reached XP level 1. HP: 14/14 MP: 1/1
   185 | D:1      | Reached XP level 2. HP: 16/19 MP: 2/2
   332 | D:1      | Reached XP level 3. HP: 9/24 MP: 3/3
   964 | D:1      | Reached ** piety under Trog
  1243 | D:2      | Reached XP level 4. HP: 27/29 MP: 4/4
  1265 | D:2      | Noticed Jessica
  1275 | D:2      | Killed Jessica
  1438 | D:2      | Reached XP level 5. HP: 25/34 MP: 5/5
  1633 | D:3      | Noticed Robin
  1661 | D:3      | Shot with a stone by a goblin

Skill      XL: |  1  2  3  4  5 |
---------------+----------------+-----
Axes           | 3 4 |  4.1
Fighting       | 4 |  4.6
Dodging        | 2 |  2.1
Armour         | |  2.3
Stealth        | |  0.7

Action                   |  1- 3 |  4- 6 || total
-------------------------+-------+-------++-------
Melee: Hand axe          |    96 |    68 ||   164
Invok: Berserk           |     1 |     1 ||     2
  Eat: Chunk             |     1 |     2 ||     3
Armor: Animal skin       |    33 |    27 ||    60
Dodge: Dodged            |    83 |    79 ||   162
